 Dungeon Crawl Stone Soup version 0.31.0-11-ge490571c62 (webtiles) character file.

Game seed: 6522726438123892914

615097 emikaela the End of an Era (level 26, -3/358 HPs)
             Began as a Grey Draconian Shapeshifter on Jan 28, 2024.
             Was the Champion of Qazlal.
             Slain by a searing wretch (12 damage)
             ... on level 7 of a ziggurat on Jan 30, 2024.
             The game lasted 04:17:19 (60158 turns).

emikaela the End of an Era (DrSh)                  Turns: 60158, Time: 04:17:19

Health: -3/358     AC: 29    Str: 29    XL:     26   Next: 35%
Magic:  32/38      EV: 21    Int: 11    God:    Qazlal [******]
Gold:   7025       SH:  8    Dex: 31    Spells: 8/48 levels left

rFire   + .          .
                       - Unarmed
rCold   . . .        (shield currently unavailable)
rNeg    . . .        (body armour unavailable)
rPois   +            (helmet currently unavailable)
rElec   +            (cloak currently unavailable)
rCorr   .            (gloves currently unavailable)
SInv    +            (boots currently unavailable)
Will    ++...        z - amulet of regeneration
Stlth   +            d - ring of Eniuv {^Drain rF+ Str+2 Dex+2 SInv}
HPRegen 1.59/turn    L - ring "Tunyqoff" {rElec rF- Will+ AC+4 Dex+7}
MPRegen 0.26/turn

%: repel missiles
@: dragon-form, protected from fire, flying, studying 3 skills
A: dragon claw, dragon scales, flying, boosted hp, AC +17, amphibious, giant,
unfitting armour, (cold-blooded), (talons 1), mutation resistance 1
}: 4/15 runes: serpentine, barnacled, slimy, silver
a: Begin Untransformation, Renounce Religion, Upheaval, Elemental Force,
Disaster Area


You were on level 7 of a ziggurat.
You worshipped Qazlal.
Qazlal was exalted by your worship.
You were a fearsome iron dragon!
You visited 12 branches of the dungeon, and saw 52 of its levels.
You visited 1 ziggurat, and saw 7 of its levels.
You also visited: Trove, Ice Cave and Wizlab.

You collected 10670 gold pieces.
You spent 3645 gold pieces at shops.

Inventory:

Magical Staves
 M - the staff of the Apocalypse {rPois rN+ Necro}
   (You found it on level 4 of a ziggurat)

   [staff of death]

   Base accuracy: +5 Base damage: 5 Base attack delay: 1.2 This weapon's minimum
   attack delay (0.6) is reached at skill level 12.
   rPois:     It protects you from poison rN+: It protects you from negative
   energy.
   Necro:     It increases the power of your Necromancy spells.
   It falls into the 'Staves' category.
   It is a one-handed weapon.
Jewellery
 d - the ring of Eniuv (left foreclaw) {^Drain rF+ Str+2 Dex+2 SInv}
   (You found it in a treasure trove)

   [ring of see invisible]

   Str+2:     It affects your strength (+2).
   Dex+2:     It affects your dexterity (+2).
   rF+:       It protects you from fire.
   SInv:      It lets you see invisible.
   ^Drain:    It drains your maximum health when unequipped.
 h - a +4 ring of protection
 m - a ring of resist corrosion
 t - a ring of protection from fire
 w - the ring "Beeczauz" {Fire Will+}
   (You found it on level 6 of a ziggurat)

   [ring of fire]

   Fire:      It enhances your fire magic.
   rF+:       It protects you from fire.
   rC-:       It makes you vulnerable to cold.
   Will+:     It increases your willpower.
 x - a ring of willpower
 z - an amulet of regeneration (around neck)
 A - a ring of protection from cold
 C - the amulet of Xyutumn {Spirit +Blink rF- Will++ Stlth+}
   (You took it off a deep elf sorcerer on level 3 of the Elven Halls)

   [amulet of guardian spirit]

   Spirit:    It causes incoming damage to be divided between your reserves of
   health and magic.
   rF-:       It makes you vulnerable to fire.
   Will++:    It greatly increases your willpower.
   +Blink:    It lets you blink.
   Stlth+:    It makes you more stealthy.
 I - a ring of positive energy
 L - the ring "Tunyqoff" (right foreclaw) {rElec rF- Will+ AC+4 Dex+7}
   (You took it off a deep elf death mage on level 3 of the Elven Halls)

   [ring of protection]

   AC+4:      It affects your AC (+4).
   Dex+7:     It affects your dexterity (+7).
   rF-:       It makes you vulnerable to fire.
   rElec:     It insulates you from electricity.
   Will+:     It increases your willpower.
Talismans
 a - a granite talisman
 c - a dragon-blood talisman (active)
 j - a talisman of death
Wands
 B - a wand of iceblast (67)
 F - a wand of flame (52)
 G - a wand of digging (39)
 P - a wand of paralysis (38)
 S - a wand of mindburst (59)
 Y - a wand of polymorph (49)
 Z - a wand of light (27)
Scrolls
 b - 3 scrolls of silence {!r}
 f - 8 scrolls of fear
 g - 8 scrolls of fog
 l - 13 scrolls of blinking
 o - 4 scrolls of immolation {!r}
 p - 29 scrolls of teleportation
 u - 6 scrolls of butterflies
 y - 5 scrolls of amnesia
 D - 6 scrolls of enchant armour
 N - 9 scrolls of poison
 Q - 8 scrolls of revelation
Potions
 e - 10 potions of ambrosia
 i - 2 potions of invisibility
 n - 3 potions of berserk rage {!q}
 q - 23 potions of curing
 r - 6 potions of magic
 s - 9 potions of might
 E - 6 potions of resistance
 H - 12 potions of enlightenment
 J - 6 potions of haste
 O - 9 potions of cancellation
 T - 12 potions of brilliance
 U - 9 potions of mutation {!q}
 V - 11 potions of heal wounds
Miscellaneous
 k - a condenser vane
 v - a phantom mirror
 R - a lightning rod (4/4)
 W - a phial of floods
 X - a box of beasts


   Skills:
 - Level 20.1 Fighting
 - Level 14.0 Dodging
 - Level 2.0 Stealth
 - Level 20.1 Unarmed Combat
 + Level 11.5 Spellcasting
 + Level 14.4 Hexes
 * Level 12.6 Summonings
 + Level 2.7 Necromancy
 - Level 16.0 Translocations
 - Level 8.0 Air Magic
 - Level 20.2 Invocations
 - Level 12.0 Evocations
 - Level 19.1 Shapeshifting


You had 8 spell levels left.
You knew the following spells:

 Your Spells              Type           Power      Damage    Failure   Level
a - Manifold Assault      Tloc           41%        N/A       1%          4
b - Enfeeble              Hex            19%        N/A       26%         7
c - Fugue of the Fallen   Necr           12%        N/A       11%         3
f - Cause Fear            Hex            19%        N/A       1%          4
g - Passage of Golubria   Tloc           41%        N/A       1%          4
i - Silence               Hex/Air        15%        N/A       3%          5
l - Blink                 Tloc           82%        N/A       1%          2
n - Malign Gateway        Summ/Tloc      18%        N/A       26%         7
p - Apportation           Tloc           82%        N/A       0%          1
w - Swiftness             Air            23%        N/A       1%          3

Your spell library contained the following spells:

 Spells                   Type           Power      Damage    Failure   Level
 Summon Small Mammal      Summ           100%       N/A       1%          1
 Call Imp                 Summ           68%        N/A       1%          2
 Ensorcelled Hibernation  Hex/Ice        44%        N/A       1%          2
 Jinxbite                 Hex            76%        N/A       1%          2
 Lesser Beckoning         Tloc           82%        N/A       1%          2
 Momentum Strike          Conj/Tloc      46%        3d9       1%          2
 Confusing Touch          Hex            38%        N/A       1%          3
 Dazzling Flash           Conj/Hex       44%        N/A       1%          3
 Gell's Gravitas          Tloc           41%        N/A       1%          3
 Inner Flame              Hex/Fire       22%        N/A       1%          3
 Teleport Other           Tloc           41%        N/A       1%          3
 Tukima's Dance           Hex            38%        N/A       1%          3
 Volatile Blastmotes      Fire/Tloc      46%        2d13      1%          3
 Dimensional Bullseye     Hex/Tloc       19%        N/A       1%          4
 Summon Lightning Spire   Summ/Air       29%        N/A       1%          4
 Vhi's Electric Charge    Tloc/Air       64%        N/A       1%          4
 Summon Forest            Summ/Tloc      18%        N/A       1%          5
 Summon Mana Viper        Hex/Summ       36%        N/A       1%          5
 Shock                    Conj/Air       60%        1d6       2%          1
 Summon Ice Beast         Ice/Summ       20%        N/A       2%          3
 Necrotise                Necr           48%        1d6       3%          1
 Cigotuvi's Dreadful Rot  Necr/Alch/Air  28%        N/A       3%          2
 Mercury Vapours          Alch/Air       30%        N/A       3%          2
 Static Discharge         Conj/Air       30%        3-5/arc   3%          2
 Anguish                  Hex/Necr       12%        N/A       3%          4
 Airstrike                Air            11%        2d(2-18)  4%          4
 Iskenderun's Mystic Bla  Conj/Tloc      23%        2d6       4%          4
 Martyr's Knell           Necr/Summ      23%        N/A       4%          4
 Kiss of Death            Conj/Necr      36%        2d8       6%          1
 Summon Cactus Giant      Summ           17%        N/A       10%         6
 Freeze                   Ice            24%        1d4       11%         1
 Magic Dart               Conj           24%        1d4       11%         1
 Sting                    Conj/Alch      24%        1d4       11%         1
 Mephitic Cloud           Conj/Alch/Air  12%        N/A       11%         3
 Metabolic Englaciation   Hex/Ice        11%        N/A       16%         5
 Yara's Violent Unravell  Hex/Alch       11%        3d6       16%         5
 Searing Ray              Conj           12%        2d4       17%         2
 Frozen Ramparts          Ice            12%        1d2       32%         3
 Hailstorm                Conj/Ice       6%         3d5       32%         3
 Ozocubu's Armour         Ice            6%         N/A       32%         3
 Stone Arrow              Conj/Erth      12%        3d7       32%         3
 Animate Dead             Necr           12%        N/A       34%         4
 Dispel Undead            Necr           12%        3d9       34%         4
 Monstrous Menagerie      Summ           17%        N/A       45%         7
 Arcjolt                  Conj/Air       7%         1d17      52%         5
 Curse of Agony           Necr           12%        N/A       69%         5
 Freezing Cloud           Conj/Ice/Air   6%         6-21      71%         5
 Brom's Barrelling Bould  Conj/Erth      6%         2d3       73%         4
 Ignite Poison            Fire/Alch      6%         N/A       73%         4
 Leda's Liquefaction      Alch/Erth      3%         N/A       73%         4
 Olgreb's Toxic Radiance  Alch           6%         N/A       73%         4
 Sticky Flame             Fire/Alch      6%         2d4       73%         4
 Alistair's Intoxication  Alch           4%         N/A       97%         5
 Fireball                 Conj/Fire      3%         3d4       97%         5
 Iskenderun's Battlesphe  Conj           6%         2d6       97%         5
 Lee's Rapid Deconstruct  Erth           3%         3d5*      97%         5
 Conjure Ball Lightning   Conj/Air       7%         3x3d6     97%         6
 Plasma Beam              Fire/Air       7%         2x1d18    97%         6
 Haunt                    Necr/Summ      11%        N/A       98%         7
 Death Channel            Necr           6%         N/A       99%         6
 Summon Horrible Things   Summ           17%        N/A       99%         8
 Bombard                  Conj/Erth      3%         9d1       100%        6
 Eringya's Noxious Bog    Alch           3%         4d6       100%        6
 Sculpt Simulacrum        Ice/Alch       3%         N/A       100%        6
 Orb of Destruction       Conj           3%         9d5       100%        7
 Ozocubu's Refrigeration  Ice            3%         4d8       100%        7
 Spellforged Servitor     Conj/Summ      10%        N/A       100%        7
 Ignition                 Fire           3%         3d4       100%        8
 Infestation              Necr           6%         N/A       100%        8
 Lehudib's Crystal Spear  Conj/Erth      3%         10d2      100%        8
 Maxwell's Capacitive Co  Air            11%        ∞         100%        8
 Chain Lightning          Conj/Air       7%         3d10      100%        9
 Death's Door             Necr           6%         N/A       100%        9
 Fire Storm               Conj/Fire      3%         8d1       100%        9
 Polar Vortex             Ice            3%         N/A       100%        9
 Shatter                  Erth           3%         3d7*      100%        9
 Animate Armour           Summ/Erth      Unusable   N/A       N/A         4

Dungeon Overview and Level Annotations

Branches:
Dungeon (15/15)            Temple (1/1) D:5            Lair (5/5) D:9
 Shoals (4/4) Lair:3        Snake (4/4) Lair:2        Slime (5/5) Lair:4
    Orc (2/2) D:12            Elf (3/3) Orc:2        Vaults (5/5) D:14
  Crypt (3/3) Vaults:3       Tomb (0/3) Crypt:3      Depths (4/4) D:15
    Zot (1/5) Depths:4      IceCv (visited)          WizLab (visited)

Altars:
Ashenzari
Cheibriados
Dithmenos
Elyvilon
Fedhas
Gozag
Hepliaklqana
Kikubaaqudgha
Makhleb
Nemelex Xobeh
Okawaru
Qazlal
Ru
Sif Muna
Trog
Uskayaw
Vehumet
Wu Jian
Xom
Yredelemnul
Zin
The Shining One
Jiyva

Shops:
D:9 =   D:10 [![(   D:13 *   D:14 ?   Orc:2 ([*!   Elf:1 *   Shoals:2 *
Snake:2 :=:   Vaults:3 :   Vaults:4 (   Depths:1 !*:[!

Portals:
Hell: Depths:1 Depths:2 Depths:3 Depths:4
Abyss: Depths:1 Depths:3
Pandemonium: Depths:2 Depths:4

Annotations:
Lair:3 1 runed translucent door, Oluanan's ghost, journeyman DsFi
Lair:5 exclusion: oklob plant
Elf:2 3 runed translucent doors
Depths:4 3 runed translucent doors, Netoqem's ghost, veteran BaIE


Innate Abilities, Weirdness & Mutations

You are a fearsome iron dragon!
You have a powerful clawing attack.
Your giant scaled body is strong and resilient, but less evasive.
You are flying.
Your maximum health is greatly increased.
Your armour is entirely melded.
You are incapable of wielding weapons or throwing items.
Your dull iron-grey scales are very hard. (AC +17)
You are amphibious.
You cannot fit into any form of body armour.
((You are cold-blooded and may be slowed by cold attacks.))
((You have sharp toenails.))
You are somewhat resistant to further mutation.


Message History

The searing wretch is severely damaged.
Your air elemental fires a burst of electricity at the Brimstone Fiend.
The stunning burst hits the Brimstone Fiend but does no damage.
The Brimstone Fiend is paralysed.
The searing wretch claws you!
* * * LOW HITPOINT WARNING * * *
You are engulfed in flames!!
You feel protected from fire.
* * * LOW HITPOINT WARNING * * *
You block the searing wretch's attack.
Your air elemental hits the Brimstone Fiend but does no damage.
The searing wretch claws your water elemental.
Your water elemental is engulfed in flames!!
Your water elemental is burned terribly!
The searing wretch bites your water elemental!!
Your water elemental is destroyed!
Your water elemental disappears in a puff of smoke!
You barely miss the searing wretch.
You tail-slap the searing wretch, but do no damage.
You claw the searing wretch!!! You bite the searing wretch!
The searing wretch is almost destroyed.
The Brimstone Fiend is no longer paralysed.
Your air elemental disappears in a puff of smoke!
Your fire elemental hits the Brimstone Fiend.
The searing wretch is engulfed in freezing vapours.
You block the searing wretch's attack. The searing wretch bites you!!
* * * LOW HITPOINT WARNING * * *
The searing wretch claws you but does no damage.
The searing wretch bites you but does no damage.
You feel much better.
Your fire elemental barely misses the Brimstone Fiend.
The Brimstone Fiend hits your water elemental!
The Brimstone Fiend hits your water elemental but does no damage.
The Brimstone Fiend hits your water elemental!
Your water elemental hits the Brimstone Fiend.
Your water elemental engulfs the Brimstone Fiend in water!
The searing wretch claws you!!
* * * LOW HITPOINT WARNING * * *
You are engulfed in flames!
You resist.
You feel more protected from fire.
You die...

▓▓▓▓▓▓▓▓▓▓▓
▓▓▓▓.........▓
▓......°......
▓.......°.....
▓.....E.§E....
▓...☼☼nn.E1...
▓∩....Dn§.§...
▓..°...§n.....
▓.....°§°.....
▓.............
▓.............
▓▓▓▓.........▓
▓▓▓▓▓▓▓▓▓▓▓


You could see 4 searing wretches, a Brimstone Fiend (unsilenced, asphyxiating,
ally target), a friendly earth elemental (summoned), a friendly water elemental
(summoned) and a friendly fire elemental (summoned).

Vanquished Creatures
  the Royal Jelly (Slime:5)
  2 ancient liches
  A dread lich (Vaults:5)
  Frederick (Vaults:5)
  Mennas (Vaults:4)
  2 juggernauts (Depths:4)
  Bai Suzhen (Snake:3)
  Saint Roka (Crypt:1)
  Boris (Crypt:2)
  3 caustic shrikes (Depths:4)
  6 golden dragons
  Nikola (Snake:2)
  A bone dragon (Depths:4)
  An Ice Fiend (IceCv)
  Jorgrun (Shoals:2)
  A hellephant (Zig:6)
  5 liches
  2 deep elf blademasters (Elf:3)
  13 tentacled monstrosities
  A searing wretch (Zig:6)
  Asterion (Vaults:1)
  A quicksilver dragon (Vaults:5)
  5 titans
  Polyphemus (Shoals:2)
  2 deep elf master archers (Elf:3)
  14 acid blobs
  16 sphinxes
  2 walking divine tomes (Depths:3)
  5 ancient champions
  5 shadow dragons
  A tentacled starspawn (Zig:4)
  2 krakens
  9 tengu reavers
  10 rockslimes
  Donald (Shoals:1)
  Roxanne (Shoals:1)
  A draconian knight (Zot:1)
  7 nagarajas
  15 azure jellies
  9 frost giants
  5 storm dragons
  3 fire giants
  The ghost of jazmu the Marksant, an adept FoHu of Okawaru (Shoals:2)
  2 daevas (Depths:4)
  4 revenants
  A draconian monk (Depths:4)
  2 iron dragons
  9 deep elf sorcerers
  5 curse skulls
  A draconian scorcher (Depths:4)
  23 vault wardens
  The ghost of Maffolandro the Warrior, a journeyman HuWn of Hepliaklqana (Orc:2)
  3 balrugs (Zig:6)
  2 deep elf elementalists (Elf:3)
  4 orc warlords
  2 draconian stormcallers
  An angel (Depths:4)
  A reaper (Crypt:2)
  32 very ugly things
  A spriggan defender (Depths:3)
  8 ghouls
  12 quicksilver oozes
  14 stone giants
  24 ironbound preservers
  2 juggernaut skeletons (Depths:2)
  8 formless jellyfish
  4 caustic shrike skeletons
  7 deep elf death magi
  11 vampire knights
  11 ironbound thunderhulks
  4 deep elf demonologists
  7 deep elf annihilators
  7 dire elephants
  Azrael (Snake:3)
  11 war gargoyles
  A yellow draconian (Zot:1)
  3 red draconians (Depths:4)
  16 purple draconians
  A minotaur (Shoals:4)
  2 quicksilver dragon zombies
  2 crystal guardians (Vaults:3)
  2 merfolk javelineers
  7 statues (WizLab)
  3 eidola
  9 ettins
  4 merfolk impalers
  8 deep elf high priests
  A mummy priest (Crypt:3)
  Josephine (D:10)
  12 jiangshi
  16 yaktaur captains
  9 fire dragons
  36 vault guards
  12 great orbs of eyes
  9 salamander tyrants
  3 hydras
  6 rakshasas
  2 hell beasts
  A caustic shrike simulacrum (Depths:3)
  5 peacekeepers
  3 starcursed masses (Zig:4)
  An ogre mage (D:14)
  A merfolk aquamancer (Shoals:4)
  9 ice dragons
  8 ironbound frosthearts
  4 catoblepae
  4 ghost crabs (Crypt:3)
  13 anacondas
  19 centaur warriors
  6 merfolk avatars
  A sphinx zombie (Depths:3)
  16 satyrs
  14 two-headed ogres
  2 alligator snapping turtles (Shoals:4)
  3 death knights
  12 dancing weapons
  4 spriggan air magi
  2 vampire magi
  2 hell hogs
  A sphinx skeleton (Depths:2)
  2 boulder beetles (Vaults:3)
  5 death yaks
  22 naga warriors
  6 deep troll shamans
  18 naga sharpshooters
  4 shock serpents
  A shock serpent (shapeshifter) (Depths:3)
  7 deep troll earth magi
  2 occultists
  3 soul eaters
  3 orc high priests
  6 tengu warriors
  9 hell knights
  Sonja (Lair:4)
  5 sun demons
  7 deep elf knights
  4 spriggan berserkers
  3 shadow wraiths
  2 skysharks
  4 salamander mystics
  A titan skeleton (Depths:2)
  A golden dragon zombie (Depths:1)
  10 iron trolls
  56 skeletal warriors
  2 storm dragon skeletons
  19 sea snakes
  A death drake (shapeshifter) (Depths:3)
  3 glowing orange brains (Depths:4)
  2 mana vipers (shapeshifter)
  3 mana vipers
  44 deep trolls
  12 flayed ghosts
  6 arcanists
  18 deep elf archers
  A glowing orange brain (shapeshifter) (Depths:3)
  A swamp dragon (Lair:5)
  A shadow dragon zombie (Crypt:2)
  2 bog bodies
  25 harpies
  A lindwurm (shapeshifter) (Depths:3)
  An orange crystal statue (Zig:1)
  4 spriggan simulacra (IceCv)
  18 deep elf pyromancers
  9 naga ritualists
  12 lindwurms
  3 obsidian statues
  12 orc knights
  A harpy (shapeshifter) (D:14)
  27 phantasmal warriors
  21 ironbound convokers
  5 necromancers
  A shadow dragon skeleton (Depths:2)
  17 deep elf zephyrmancers
  An anaconda skeleton (Crypt:3)
  4 orc sorcerers
  4 tengu skeletons (Depths:2)
  A golden dragon skeleton (Depths:2)
  24 ugly things
  16 fauns
  8 cyclopes
  4 shining eyes
  22 salamanders
  12 elephants
  2 moths of wrath (shapeshifter)
  17 manticores
  A jorogumo skeleton (Crypt:2)
  A large abomination (Zig:4)
  A stone giant skeleton (Depths:1)
  2 moths of wrath
  6 kobold blastminers
  8 merfolk sirens
  18 naga magi
  3 fire giant skeletons
  An eye of devastation (Slime:5)
  44 black mambas
  3 frost giant skeletons (Depths:2)
  27 vault sentinels
  2 water nymphs
  3 guardian serpents
  2 ice statues
  5 smoke demons
  5 gargoyles
  9 cane toads
  A torpor snail (shapeshifter) (Vaults:5)
  A torpor snail (Lair:4)
  A hellion (Zig:6)
  A centaur skeleton (Crypt:3)
  An unseen horror (D:11)
  A kobold demonologist (D:10)
  A naga skeleton (Crypt:3)
  11 rime drakes
  An alligator snapping turtle skeleton (Crypt:3)
  An efreet (D:14)
  13 freezing wraiths
  A guardian mummy (Crypt:3)
  32 yaktaurs
  18 tengu conjurers
  3 ice devils (IceCv)
  An anaconda simulacrum (IceCv)
  16 komodo dragons
  2 minotaur skeletons
  4 hornets
  7 trolls
  6 spriggan skeletons
  An alligator simulacrum (IceCv)
  A troll (shapeshifter) (Depths:3)
  A pale draconian skeleton (Crypt:1)
  A tarantella (shapeshifter) (Depths:3)
  A death drake skeleton (Crypt:2)
  19 merfolk
  A harpy skeleton (Crypt:3)
  A raiju (Zig:4)
  12 wind drakes
  A glass eye (Depths:2)
  A raiju (shapeshifter) (Vaults:4)
  7 snapping turtles
  A boulder beetle zombie (Crypt:2)
  16 dream sheep
  20 blink frogs
  A polar bear (Lair:2)
  91 slime creatures
  3 spriggans
  4 fire dragon skeletons (Crypt:3)
  A satyr skeleton (Crypt:1)
  2 vampires
  A human (D:12)
  14 wyverns
  2 shadows (Crypt:3)
  2 golden eyes (Slime:3)
  19 wraiths
  7 basilisks
  9 water elementals
  6 fire elementals
  2 ushabtiu (Crypt:3)
  59 yaks
  2 dire elephant simulacra (IceCv)
  2 minotaur simulacra (IceCv)
  3 wargs
  5 vampire mosquitoes
  3 steam dragons
  A swamp worm (shapeshifter) (Vaults:4)
  An entropy weaver zombie (Crypt:2)
  A harpy simulacrum (IceCv)
  66 nagas
  2 hell hounds (Snake:3)
  Duvessa (D:6)
  17 water moccasins
  An acid dragon (Lair:5)
  A faun skeleton (Crypt:1)
  3 black bears
  A swamp drake (Lair:5)
  A black bear (shapeshifter) (Elf:3)
  An ettin simulacrum (IceCv)
  37 orc warriors
  A sky beast (D:6)
  A sky beast (shapeshifter) (D:13)
  31 laughing skulls
  7 ogres
  8 boggarts
  11 centaurs
  11 wolves
  2 phantoms
  A kobold brigand (D:8)
  16 bullfrogs
  5 scorpions
  4 necrophages
  A rime drake skeleton (Crypt:2)
  2 earth elementals
  4 deep troll simulacra (IceCv)
  A warg skeleton (Crypt:1)
  17 wights
  Dowan (D:6)
  13 killer bees
  A lindwurm simulacrum (IceCv)
  17 electric eels
  8 howler monkeys
  2 jellies
  28 orc priests
  5 hounds
  2 sleepcaps
  2 gnoll boudas
  12 hell rats
  Terence (D:3)
  9 iguanas
  50 orc wizards
  7 mummies (Crypt:3)
  10 gnolls
  6 adders (D:5)
  A steam dragon skeleton (Crypt:2)
  A white imp (D:7)
  3 iguana zombies (Crypt:1)
  3 dart slugs
  123 orcs
  8 endoplasms
  8 giant cockroaches
  15 goblins
  5 hobgoblins
  3 quokkas
  6 ball pythons
  3 bats
  A frilled lizard (D:2)
  A giant cockroach zombie (Crypt:1)
  9 kobolds
  8 rats
  6 tentacles
2474 creatures vanquished.

Vanquished Creatures (collateral kills)
  An Ice Fiend (IceCv)
  A tentacled monstrosity (Vaults:5)
  A fire giant (Zig:7)
  The ghost of Xtruder99 the Blocker, a journeyman GnFi of Cheibriados (D:13)
  A stone giant (Depths:4)
  A skeletal warrior (Crypt:2)
  A cane toad (Lair:2)
  A tormentor (Zig:7)
  2 water moccasins (Lair:2)
10 creatures vanquished.

Vanquished Creatures (others)
  2 tengu conjurers
  A basilisk (shapeshifter) (Vaults:5)
  A vampire mosquito (D:15)
  18 tentacles
22 creatures vanquished.

Grand Total: 2506 creatures vanquished

Notes
Turn   | Place    | Note
-------+----------+-------------------------------------------
     0 | D:1      | emikaela the Draconian Shapeshifter began the quest for the
                  | Orb.
     0 | D:1      | Reached XP level 1. HP: 16/16 MP: 1/1
   156 | D:1      | Reached XP level 2. HP: 25/25 MP: 2/2
   763 | D:2      | Reached XP level 3. HP: 30/30 MP: 3/3
   854 | D:2      | Reached skill level 1 in Stealth
  1139 | D:2      | Reached XP level 4. HP: 20/38 MP: 4/4
  1251 | D:3      | Noticed Terence
  1867 | D:3      | Reached XP level 5. HP: 45/45 MP: 5/5
  2032 | D:3      | Identified the +3 whip "Woutaih" {freeze, rF- Str+4 Int+2}
  2207 | D:3      | Killed Terence
  2614 | D:4      | Reached XP level 6. HP: 40/52 MP: 6/6
  3036 | D:4      | Reached skill level 5 in Shapeshifting
  3246 | D:4      | Found a blossoming altar of Fedhas.
  3342 | D:5      | Entered Level 5 of the Dungeon
  3449 | D:5      | Found a staircase to the Ecumenical Temple.
  3625 | Temple   | Entered the Ecumenical Temple
  3633 | Temple   | Became a worshipper of Qazlal Stormbringer
  3780 | D:5      | Reached skill level 5 in Fighting
  3780 | D:5      | Your scales start taking on a dull iron-grey colour.
  3780 | D:5      | Reached XP level 7. HP: 54/61 MP: 7/7
  4283 | D:5      | Reached * piety under Qazlal
  4308 | D:5      | Noticed a steam dragon
  4323 | D:5      | Noticed a steam dragon
  4344 | D:5      | Killed a steam dragon
  4345 | D:5      | Reached XP level 8. HP: 46/70 MP: 8/8
  4465 | D:5      | Reached skill level 5 in Unarmed Combat
  4662 | D:6      | Found a shadowy altar of Dithmenos.
  4903 | D:6      | Noticed Duvessa
  4903 | D:6      | Noticed Dowan
  4909 | D:6      | Killed Dowan
  4917 | D:6      | Killed Duvessa
  4918 | D:6      | Reached XP level 9. HP: 63/80 MP: 9/9
  5091 | D:6      | Reached ** piety under Qazlal
  5125 | D:6      | Found an ornate altar of the Wu Jian Council.
  5564 | D:6      | Reached skill level 1 in Invocations
  5754 | D:7      | Noticed a komodo dragon
  5776 | D:7      | Killed a komodo dragon
  5882 | D:7      | Reached XP level 10. HP: 59/91 MP: 12/12
  6232 | D:7      | Found a hazy altar of Hepliaklqana.
  6553 | D:8      | Found an opulent altar of Gozag.
  6648 | D:8      | Noticed a two-headed ogre
  6667 | D:8      | Killed a two-headed ogre
  6674 | D:8      | Reached *** piety under Qazlal
  6823 | D:8      | Found a sacrificial altar of Ru.
  7129 | D:8      | Got Sif Muna's Discourse on the Beaker and Fulmination
  7433 | D:9      | Reached skill level 5 in Invocations
  7433 | D:9      | Reached skill level 1 in Evocations
  7490 | D:9      | Found a shimmering altar of Xom.
  7612 | D:9      | Found an iron altar of Okawaru.
  7709 | D:9      | Found a staircase to the Lair.
  7765 | D:9      | Reached skill level 10 in Fighting
  8099 | D:9      | Found Poap's Jewellery Shop.
  8177 | D:10     | Entered Level 10 of the Dungeon
  8199 | D:10     | Noticed Josephine
  8305 | D:9      | Reached **** piety under Qazlal
  8363 | D:10     | Reached XP level 11. HP: 91/99 MP: 15/15
  8377 | D:10     | Found Lier's Distillery.
  8424 | D:10     | Bought a potion of mutation for 104 gold pieces
  8424 | D:10     | Bought a potion of heal wounds for 65 gold pieces
  8424 | D:10     | Bought a potion of might for 52 gold pieces
  8424 | D:10     | Bought a potion of heal wounds for 65 gold pieces
  8524 | D:10     | Found Jidogy's Weapon Shop.
  8665 | D:10     | Killed Josephine
  8736 | D:10     | Noticed a two-headed ogre
  8795 | D:10     | Killed a two-headed ogre
  8806 | D:10     | Found Rucuel's Armour Boutique.
  8818 | D:10     | Found Xoly's Armour Shop.
  9292 | D:10     | Found a glowing silver altar of Zin.
  9605 | D:11     | Reached skill level 10 in Shapeshifting
  9725 | D:11     | Noticed a two-headed ogre
  9725 | D:11     | Noticed a centaur warrior
  9736 | D:11     | Killed a two-headed ogre
  9737 | D:11     | Reached skill level 10 in Unarmed Combat
  9737 | D:11     | Reached skill level 5 in Evocations
  9741 | D:11     | Killed a centaur warrior
  9843 | D:11     | Reached ***** piety under Qazlal
 10696 | Lair:1   | Entered Level 1 of the Lair of Beasts
 10723 | Lair:1   | Reached XP level 12. HP: 69/106 MP: 19/19
 10724 | Lair:1   | Reached skill level 10 in Invocations
 11064 | Lair:1   | Reached skill level 5 in Dodging
 11224 | Lair:1   | You fall into a shaft and drop 1 floor!
 11857 | Lair:2   | Noticed a catoblepas
 11957 | Lair:2   | Killed a catoblepas
 12148 | Lair:2   | Reached XP level 13. HP: 79/113 MP: 20/20
 12212 | Lair:2   | Found a staircase to the Snake Pit.
 12825 | Lair:3   | Found a runed translucent door.
 12829 | Lair:3   | Noticed Oluanan's ghost (journeyman DsFi)
 12830 | Lair:3   | Identified the +7 trident "Uwna" {pain, Fly Will- Int+2
                  | Dex+2}
 12880 | Lair:3   | Identified the +2 ring mail of the Swamp {Will+}
 12926 | Lair:3   | Found a staircase to the Shoals.
 13034 | Lair:3   | Reached ****** piety under Qazlal
 13867 | Lair:4   | Noticed Sonja
 13877 | Lair:4   | Killed Sonja
 14017 | Lair:4   | Found a viscous altar of Jiyva.
 14018 | Lair:4   | Found a staircase to the Slime Pits.
 14157 | Lair:5   | Entered Level 5 of the Lair of Beasts
 14477 | Lair:3   | Reached XP level 14. HP: 121/121 MP: 22/22
 15733 | Lair:5   | Identified a scroll of acquirement
 15738 | Lair:5   | Acquired a manual of Invocations
 16220 | D:12     | Found a staircase to the Orcish Mines.
 16699 | D:12     | Found an ornate altar of the Wu Jian Council.
 17107 | Orc:1    | Entered Level 1 of the Orcish Mines
 17182 | Orc:2    | Entered Level 2 of the Orcish Mines
 17612 | Orc:2    | Found a staircase to the Elven Halls.
 17745 | Orc:2    | Found Meluhuh's Distillery.
 17838 | Orc:2    | Bought a potion of berserk rage for 65 gold pieces
 17941 | Orc:2    | Found a runed translucent door.
 17943 | Orc:2    | Noticed Maffolandro's ghost (journeyman HuWn)
 17963 | Orc:2    | Killed Maffolandro's ghost
 18023 | Orc:2    | Noticed an orc warlord
 18055 | Orc:2    | Killed an orc warlord
 18581 | Orc:2    | Found Madizxy's Assorted Antiques.
 18819 | Orc:2    | Found Aziytsit's Antique Armour Shoppe.
 18820 | Orc:2    | Found Doneall's Antique Weapon Emporium.
 18920 | Orc:2    | Bought an encrusted bronze wand for 128 gold pieces
 18920 | Orc:2    | Bought a box of beasts for 1280 gold pieces
 18920 | Orc:2    | Bought a scroll of teleportation for 96 gold pieces
 19051 | D:13     | Found a transporter.
 19123 | D:13     | Found a runed translucent gate.
 19123 | D:13     | Found a runed translucent gate.
 19123 | D:13     | Found a runed translucent gate.
 19124 | D:13     | Noticed Xtruder99's ghost (journeyman GnFi)
 19179 | D:13     | Killed Xtruder99's ghost
 19180 | D:13     | Reached XP level 15. HP: 76/132 MP: 20/25
 19433 | D:13     | Identified the +1 pair of boots of Intense Mirth {Int+4}
 19520 | D:13     | Found a transporter.
 19520 | D:13     | Found Sauceem's Assorted Antiques.
 19821 | D:14     | Found Yxuyhuysch's Magic Scroll Emporium.
 19869 | D:14     | Bought a scroll of fear for 76 gold pieces
 20318 | D:14     | Found a gate to the Vaults.
 20422 | D:15     | Entered Level 15 of the Dungeon
 20608 | D:14     | Reached skill level 15 in Invocations
 20665 | D:15     | Reached skill level 15 in Shapeshifting
 20975 | D:15     | Found a staircase to the Depths.
 21327 | Snake:1  | Entered Level 1 of the Snake Pit
 21401 | Snake:1  | Reached XP level 16. HP: 143/143 MP: 27/27
 23586 | Snake:2  | Found Inigighi's Book Emporium.
 23586 | Snake:2  | Found Iggacw's Jewellery Boutique.
 23587 | Snake:2  | Found Uxirgh's Book Emporium.
 24145 | Snake:3  | Noticed Bai Suzhen
 24193 | Snake:2  | Reached skill level 15 in Unarmed Combat
 24529 | Snake:3  | Noticed Nikola
 24662 | Snake:2  | Killed Nikola
 24940 | Snake:3  | Killed Bai Suzhen
 24959 | Snake:3  | Noticed Azrael
 24972 | Snake:3  | Killed Azrael
 24975 | Snake:3  | Reached XP level 17. HP: 152/152 MP: 29/29
 25790 | Snake:4  | Entered Level 4 of the Snake Pit
 25791 | Snake:4  | Found a glacial archway.
 26008 | IceCv    | Entered an ice cave
 26147 | IceCv    | Noticed an Ice Fiend
 26159 | IceCv    | Noticed an Ice Fiend
 26221 | IceCv    | Killed an Ice Fiend
 26242 | IceCv    | HP: 7/231 [Ice Fiend (7)]
 26243 | IceCv    | Killed an Ice Fiend
 26679 | Snake:4  | Reached skill level 10 in Evocations
 26752 | Snake:4  | Reached skill level 15 in Fighting
 27762 | Snake:4  | Reached XP level 18. HP: 163/163 MP: 31/31
 27940 | Snake:4  | Got a serpentine rune of Zot
 28104 | Shoals:1 | Entered Level 1 of the Shoals
 28487 | Shoals:1 | Noticed Roxanne
 28496 | Shoals:1 | Killed Roxanne
 29113 | Shoals:2 | Found Turunowi's Gadget Gallery.
 29176 | Shoals:2 | Found a runed translucent gate.
 29177 | Shoals:2 | Found a runed translucent gate.
 29177 | Shoals:2 | Noticed jazmu's ghost (adept FoHu)
 29178 | Shoals:2 | Found a runed translucent gate.
 29211 | Shoals:2 | Noticed Donald
 29229 | Shoals:1 | Killed Donald
 29338 | Shoals:2 | Noticed Jorgrun
 29381 | Shoals:2 | Killed Jorgrun
 29483 | Shoals:2 | Noticed Polyphemus
 29509 | Shoals:2 | Killed Polyphemus
 30031 | Shoals:2 | Killed jazmu's ghost
 31065 | Shoals:4 | Entered Level 4 of the Shoals
 31625 | Shoals:4 | Paralysed by a sphinx for 4 turns
 31697 | Shoals:4 | Reached XP level 19. HP: 177/177 MP: 32/32
 32109 | Shoals:4 | Got a barnacled rune of Zot
 32171 | Shoals:4 | Identified the +9 falchion of Tension {antimagic, rF++
                  | Dex+5}
 32623 | Vaults:1 | Entered Level 1 of the Vaults
 32946 | Vaults:1 | Noticed Asterion
 32965 | Vaults:1 | Killed Asterion
 34409 | Vaults:2 | Found a magical portal.
 34409 | Vaults:2 | You are sucked into a shaft and drop 1 floor!
 34490 | WizLab   | Entered Iskenderun's Mystic Tower
 34671 | WizLab   | Reached XP level 20. HP: 187/187 MP: 33/33
 35175 | WizLab   | Got Iskenderun's Precepts of Attacks
 35175 | WizLab   | Got Iskenderun's Handbook of the Volley
 35696 | Vaults:2 | Found a portal to a secret trove of treasure.
 36451 | Vaults:3 | Paralysed by a formless jellyfish for 1 turns
 36541 | Vaults:3 | Found a staircase to the Crypt.
 36744 | Vaults:3 | Reached skill level 10 in Dodging
 36987 | Vaults:3 | Found Nevuhuuxoa's Book Shoppe.
 38027 | Vaults:4 | Reached XP level 21. HP: 185/194 MP: 34/34
 38619 | Vaults:4 | Noticed an ancient lich
 38634 | Vaults:4 | Killed an ancient lich
 39047 | Vaults:4 | Identified the +0 ring mail "Erocitio" {Rampage rN+ Str-3
                  | SInv}
 39395 | Vaults:4 | Found Oxomnyac's Weapon Boutique.
 39730 | Depths:1 | Entered Level 1 of the Depths
 40172 | Depths:1 | Found a gateway to Hell.
 40197 | Depths:1 | Found a one-way gate to the infinite horrors of the Abyss.
 40390 | Depths:1 | Found Koaxuq's Book Shop.
 40392 | Depths:1 | Found Puihiboh's Antique Armour Shop.
 40392 | Depths:1 | Found Kouhouta's Distillery.
 40397 | Depths:1 | Found Atsush's General Store.
 40403 | Depths:1 | Bought a scroll of revelation for 97 gold pieces
 40440 | Depths:1 | Bought a potion of resistance for 140 gold pieces
 40440 | Depths:1 | Bought a potion of magic for 112 gold pieces
 40440 | Depths:1 | Bought 2 potions of enlightenment for 140 gold pieces
 40440 | Depths:1 | Bought a potion of mutation for 112 gold pieces
 40440 | Depths:1 | Bought 2 potions of mutation for 224 gold pieces
 40440 | Depths:1 | Bought a potion of haste for 140 gold pieces
 40440 | Depths:1 | Bought a potion of magic for 112 gold pieces
 40699 | Depths:1 | Found a broken altar of Ashenzari.
 40998 | Depths:1 | Found Gitwopie's Distillery.
 41002 | Depths:1 | Bought a potion of heal wounds for 80 gold pieces
 41002 | Depths:1 | Bought a potion of haste for 160 gold pieces
 41386 | Depths:2 | Reached XP level 22. HP: 209/209 MP: 36/36
 41537 | Depths:2 | Found a one-way gate leading to the halls of Pandemonium.
 42172 | Depths:2 | Learned a level 2 spell: Blink
 42177 | Depths:2 | Learned a level 4 spell: Manifold Assault
 42182 | Depths:2 | Learned a level 4 spell: Passage of Golubria
 42288 | Depths:2 | Identified the +7 hand axe "Kotieh" {speed, rC- Will+
                  | Dex+3}
 42317 | Depths:2 | Reached skill level 1 in Translocations
 42634 | Depths:2 | Reached skill level 5 in Translocations
 42993 | Depths:3 | Noticed a golden dragon
 43391 | Depths:3 | Noticed a golden dragon
 43397 | Depths:3 | Killed a golden dragon
 43404 | Depths:3 | Noticed a golden dragon
 43412 | Depths:3 | Killed a golden dragon
 43417 | Depths:3 | Reached skill level 10 in Translocations
 43421 | Depths:3 | Noticed a golden dragon
 43426 | Depths:3 | Killed a golden dragon
 43550 | Depths:3 | Killed a golden dragon
 43581 | Depths:3 | Identified the +8 shortbow "Ricanaav" {speed, +Blink rElec
                  | Dex+2}
 44025 | Depths:4 | Entered Level 4 of the Depths
 44028 | Depths:4 | Noticed a juggernaut
 44030 | Depths:4 | Noticed a juggernaut
 44037 | Depths:4 | Killed a juggernaut
 44038 | Depths:4 | Reached XP level 23. HP: 215/215 MP: 32/37
 44045 | Depths:4 | Killed a juggernaut
 44205 | Depths:4 | Found a runed translucent gate.
 44206 | Depths:4 | Found a runed translucent gate.
 44206 | Depths:4 | Found a runed translucent gate.
 44446 | Depths:4 | Noticed a caustic shrike
 44448 | Depths:4 | Noticed a caustic shrike
 44448 | Depths:4 | Noticed a caustic shrike
 44454 | Depths:4 | Killed a caustic shrike
 44457 | Depths:4 | Killed a caustic shrike
 44461 | Depths:4 | Killed a caustic shrike
 44703 | Depths:4 | Found a sacrificial altar of Ru.
 44817 | Depths:4 | Found a gate to the Realm of Zot.
 45370 | Depths:4 | Found a one-way gateway to a ziggurat.
 45867 | Depths:4 | Reached skill level 15 in Translocations
 45946 | Depths:4 | Found a runed translucent gate.
 45946 | Depths:4 | Found a runed translucent gate.
 45950 | Depths:4 | Found a runed translucent gate.
 45951 | Depths:4 | Noticed Netoqem's ghost (veteran BaIE)
 45981 | Depths:4 | Learned a level 7 spell: Malign Gateway
 45987 | Depths:4 | Learned a level 5 spell: Silence
 46171 | Elf:1    | Entered Level 1 of the Elven Halls
 46280 | Elf:1    | Reached skill level 1 in Hexes
 46447 | Elf:1    | Reached skill level 1 in Summonings
 46449 | Elf:1    | Reached skill level 1 in Spellcasting
 46637 | Elf:1    | Reached skill level 1 in Air Magic
 46672 | Elf:1    | Found Zuatzul's Assorted Antiques.
 46677 | Elf:1    | Bought a scroll of blinking for 255 gold pieces
 46995 | Elf:1    | Found a shimmering blue altar of Sif Muna.
 47286 | Elf:2    | Found a runed translucent gate.
 47286 | Elf:2    | Found a runed translucent gate.
 47287 | Elf:2    | Found a runed translucent gate.
 47406 | Elf:3    | Entered Level 3 of the Elven Halls
 47811 | Elf:3    | Reached XP level 24. HP: 223/223 MP: 37/37
 47845 | Elf:3    | Identified the +7 great sword "Guschauha" {pain, rF+ Will+}
 47850 | Elf:3    | Reached skill level 5 in Hexes
 47933 | Elf:3    | Identified the +1 quarterstaff of Causality {freeze,
                  | *Corrode rPois Dex+6}
 47933 | Elf:3    | Identified the ring "Tunyqoff" {rElec rF- Will+ AC+4 Dex+7}
 47984 | Elf:3    | Identified the orb "Pad Eciq" {mayhem, Will++}
 48160 | Elf:3    | Identified the amulet of Xyutumn {Spirit +Blink rF- Will++
                  | Stlth+}
 48380 | Elf:3    | Identified the staff "Ituanang" {SInv Conj}
 49042 | Vaults:5 | Entered Level 5 of the Vaults
 49045 | Vaults:5 | Reached skill level 5 in Summonings
 49203 | Vaults:4 | Reached skill level 5 in Spellcasting
 49387 | Vaults:5 | Noticed Mennas
 49447 | Vaults:4 | Killed Mennas
 49448 | Vaults:4 | Reached skill level 5 in Air Magic
 50180 | Vaults:5 | Got a silver rune of Zot
 50225 | Vaults:5 | Noticed an ancient lich
 50250 | Vaults:5 | Killed an ancient lich
 50268 | Vaults:5 | Reached skill level 10 in Hexes
 50395 | Vaults:5 | Identified the orb "Hiakhech" {*channel, Str+4 Int+3}
 50395 | Vaults:5 | Noticed Frederick
 50404 | Vaults:5 | Killed Frederick
 50503 | Vaults:5 | Got the Guide on Tectonic Rime
 50802 | Vaults:5 | Acquired 643 gold pieces
 50882 | Vaults:5 | Identified the +12 broad axe of a wizard's laboratory
                  | {vamp, *Rage rC+ Int+4}
 50896 | Vaults:5 | Noticed a dread lich
 50905 | Vaults:5 | Killed a dread lich
 51011 | Vaults:5 | Got the Anthology of Stoicism
 51288 | Crypt:1  | Entered Level 1 of the Crypt
 51307 | Vaults:3 | Reached XP level 25. HP: 231/231 MP: 37/37
 52417 | Crypt:1  | Noticed Saint Roka
 52434 | Crypt:1  | Killed Saint Roka
 52827 | Crypt:2  | Noticed Boris
 52840 | Crypt:2  | Killed Boris
 53348 | Crypt:2  | Found a huge runed translucent gate.
 53348 | Crypt:2  | Found a huge runed translucent gate.
 53349 | Crypt:2  | Found a huge runed translucent gate.
 53349 | Crypt:2  | Found a huge runed translucent gate.
 53349 | Crypt:2  | Found a huge runed translucent gate.
 53349 | Crypt:2  | Found a huge runed translucent gate.
 53350 | Crypt:2  | Found a huge runed translucent gate.
 53350 | Crypt:2  | Found a huge runed translucent gate.
 53350 | Crypt:2  | Found a huge runed translucent gate.
 53746 | Crypt:3  | Entered Level 3 of the Crypt
 53945 | Crypt:3  | Reached skill level 10 in Summonings
 54330 | Crypt:3  | Identified the +9 great mace "Ashenkeh" {freeze, *Noise
                  | rC++ Stlth+}
 54712 | Crypt:3  | Found an ancient bone altar of Kikubaaqudgha.
 54767 | Crypt:3  | Identified the +6 shortbow "Tabomam" {speed, Will+++ Str+3
                  | Int+2 Dex-3}
 54947 | Crypt:3  | Got Cigotuvi's Papyrus of Death
 55420 | Crypt:3  | Found a staircase to the Tomb.
 55528 | Crypt:3  | Identified the +2 spear "Xeufocem" {freeze, rElec MP+9
                  | Dex+2 Stlth-}
 56083 | Slime:1  | Entered Level 1 of the Pits of Slime
 56115 | Slime:1  | Reached skill level 10 in Spellcasting
 56135 | Slime:1  | Gained mutation: You are clumsy. (Dex -2) [a shining eye]
 56448 | Slime:2  | Gained mutation: Your magical capacity is low. (-10% MP) [a
                  | shining eye]
 57465 | Slime:5  | Entered Level 5 of the Pits of Slime
 57651 | Slime:4  | Paralysed by a formless jellyfish for 1 turns
 57661 | Slime:4  | Reached XP level 26. HP: 209/239 MP: 33/33
 57757 | Slime:5  | Paralysed by a formless jellyfish for 1 turns
 57808 | Slime:5  | Noticed the Royal Jelly
 57812 | Slime:5  | Killed the Royal Jelly
 58005 | Slime:5  | Got Teihuzy's Papyrus of Breath
 58069 | Slime:5  | Gained mutation: You occasionally lose the ability to drink
                  | potions when taking damage. [a shining eye]
 58115 | Slime:5  | Got the Vellum of Damaging Phlogiston
 58117 | Slime:5  | Got a slimy rune of Zot
 58119 | Slime:5  | Identified the +5 buckler of the Sunfish {rPois rC+ Str+2}
 58222 | Slime:5  | Identified the +7 mace of Infinity {elec, Stlth+}
 58234 | Slime:5  | Identified the +7 long sword "Ola Wula" {holy, rElec MP+9
                  | Int+4}
 58704 | Lair:1   | Lost mutation: You occasionally lose the ability to drink
                  | potions when taking damage. [potion of mutation]
 58704 | Lair:1   | Lost mutation: Your magical capacity is low. (-10% MP)
                  | [potion of mutation]
 58704 | Lair:1   | Lost mutation: You are clumsy. (Dex -2) [potion of
                  | mutation]
 58704 | Lair:1   | Gained mutation: You are somewhat resistant to further
                  | mutation. [potion of mutation]
 58704 | Lair:1   | Gained mutation: You have sharp toenails. [potion of
                  | mutation]
 58707 | Lair:1   | Learned a level 1 spell: Apportation
 58711 | Lair:1   | Learned a level 3 spell: Swiftness
 58716 | Lair:1   | Learned a level 4 spell: Cause Fear
 58724 | Lair:1   | Learned a level 7 spell: Enfeeble
 58728 | Lair:1   | Learned a level 3 spell: Fugue of the Fallen
 58956 | Zot:1    | Entered Level 1 of the Realm of Zot
 59120 | D:14     | Bought a scroll of enchant weapon for 142 gold pieces
 59237 | Vaults:2 | You paid a toll of a +8 demon trident to enter a treasure
                  | trove
 59238 | Trove    | Entered a treasure trove
 59243 | Trove    | Found the +11 plutonium sword {^Contam Stlth-}
 59245 | Trove    | Identified the +7 halberd "Asimuwan" {vamp, *Noise rElec
                  | rN+++ Dex-5}
 59248 | Trove    | Identified the ring of Eniuv {^Drain rF+ Str+2 Dex+2 SInv}
 59254 | Trove    | Identified the +7 long sword "Nountu" {freeze, Will+ MP+9
                  | Int+3 Dex+3}
 59536 | Zot:1    | Reached skill level 1 in Necromancy
 59718 | Zig:1    | Entered Level 1 of a ziggurat
 59750 | Zig:2    | Entered Level 2 of a ziggurat
 59773 | Zig:2    | Got Sif Muna's Parchment of Death and Reagents
 59778 | Zig:3    | Entered Level 3 of a ziggurat
 59840 | Zig:4    | Entered Level 4 of a ziggurat
 59872 | Zig:4    | Identified the staff of the Apocalypse {rPois rN+ Necro}
 59878 | Zig:5    | Entered Level 5 of a ziggurat
 59940 | Zig:6    | Entered Level 6 of a ziggurat
 60136 | Zig:6    | Identified the ring "Beeczauz" {Fire Will+}
 60145 | Zig:7    | Entered Level 7 of a ziggurat
 60157 | Zig:7    | HP: 11/358 [searing wretch (18)]
 60158 | Zig:7    | Slain by a searing wretch

Illustrated notes

Levels and vault maps discovered:
D:1:      dpeg_arrival_prison, layout_rooms, minivault_27
D:2:      layout_rooms, serial_glass, glass_columns_b, glass_columns_b
D:3:      layout_basic, uniq_terence
D:4:      layout_gridville, general_overflow_altar, kennysheep_orc_chapel
D:5:      kennysheep_steamy, layout_loops_ring,
          minmay_temple_entry_antechambers, minmay_ogre_servants
D:6:      layout_rooms, kennysheep_mini_moat,
          mainiacjoe_overflow_small_starburst, serial_glass, glass_columns_a,
          glass_columns_a, uniq_duvessa
D:7:      layout_cave_pools, mainiacjoe_overflow_boulevard, serial_glass,
          glass_columns_b, glass_columns_a, glass_columns_b, glass_columns_a,
          glass_columns_b, glass_columns_a, glass_columns_a, glass_columns_b,
          minmay_microvault
D:8:      layout_basic, marbit_many_paths, mainiacjoe_overflow_brackets
D:9:      layout_cave_pools, nicolae_overflow_crystal_walls, okawaru_gym_becter,
          erik_lair_island, serial_shops, nicolae_shop_hallway_plus
D:10:     layout_loops_ring, zin_scriptorium, serial_shops, shop,
          nicolae_shop_industrial_runoff, nicolae_shop_bloodbath_and_beyond,
          shop, serial_bayou, serial_bayou_shore_a, serial_bayou_shore_b,
          serial_bayou_lagoon_b, serial_bayou_lake_a, minmay_hedge_maze,
          uniq_josephine
D:11:     layout_basic, minmay_orc_keep
D:12:     layout_layer_cave, erik_orc_4, serial_glass, glass_columns_a,
          glass_columns_a, item_on_display_a, nicolae_wu_jian_glorious_leap
D:13:     layout_cross, serial_shops, nicolae_shop_drivethru,
          ebering_ghost_rock_garden
D:14:     layout_roguey [special_room_mythical_zoo], david_vaults_5,
          serial_shops, nicolae_diamond_shop, kennysheep_cross_room
D:15:     hangedman_depths_entry_civil_slaughter, layout_rooms, nicolae_sextant
Temple:   hellmonk_temple_forest_ring
Lair:1:   layout_loops_ring, nzn_random_ring, serial_bayou_shore_b
Lair:2:   layout_concentric_octagons, minmay_snake_entry_six_corridors
Lair:3:   layout_cave_shapes, elwin_shoals_entry_rooms,
          ebering_ghost_funeral_grove, grunt_megastairs_3
Lair:4:   layout_misc_corridors, slime_entry_1, uniq_sonja
Lair:5:   guppyfry_lair_end_dragon, layout_regular_city,
          chequers_serial_rivers_large_b, nicolae_lair_lindhole,
          grunt_megastairs_1
Shoals:1: layout_shoals, uniq_roxanne
Shoals:2: layout_shoals, gammafunk_ghost_split, nicolae_shop_gadgets,
          uniq_jorgrun, uniq_polyphemus, uniq_donald
Shoals:3: layout_shoals
Shoals:4: shoals_end_hellmonk_lost_city
Snake:1:  layout_basic
Snake:2:  layout_layer_cave, grunt_megastairs_4, minmay_shop_grove,
          serial_bayou_shore_b
Snake:3:  layout_onion, serial_bayou_shore_b, uniq_bai_suzhen, uniq_nikola,
          uniq_azrael
Snake:4:  minmay_snake_end_coiled, layout_onion_interference,
          portal_ice_cave_entry_ice_statue_one, nicolae_snake_lava_pool
Slime:1:  layout_caves
Slime:2:  layout_caves
Slime:3:  layout_caves
Slime:4:  layout_caves
Slime:5:  slime_pit_nicolae_inversion
Orc:1:    layout_caves
Orc:2:    grunt_orc_community_town_hall, layout_caves,
          grunt_orc_community_big_house_1, grunt_orc_community_big_house_2,
          grunt_orc_community_house_3, grunt_orc_community_house_3,
          grunt_orc_community_house_1, grunt_orc_community_house_1,
          grunt_orc_community_house_2, grunt_orc_community_house_2,
          gammafunk_ghost_grave
Elf:1:    layout_loops_cross, serial_shops, nicolae_shop_just_a_little_nook,
          kennysheep_underground_church, lemuel_upstairs_altar
Elf:2:    elven_hall_of_blades_hangedman_original [nicolae_blade_lattice],
          layout_geoelf_grid
Elf:3:    grunt_elf_hall_spiral, layout_onion_city
Vaults:1: vaults_mumra_hexcomb, vaults_room_boxed,
          nicolae_vaults_shrinking_rooms_1, v_misc_4,
          nicolae_vaults_hallways_thing, v_misc_19, v_misc_30,
          ontoclasm_vaults_fault, ontoclasm_vaults_loading_screen,
          layout_vaults_chaotic_city, uniq_asterion
Vaults:2: infiniplex_enter_wizlab_spiral, nicolae_vaults_spaceships,
          nicolae_vaults_offset_grid_hallway_2, nicolae_vaults_six-pack,
          hangedman_vaults_stretched_pinwheel, hangedman_vaults_slice,
          nicolae_vaults_border_crossing, vaults_dpeg_encased_lava,
          v_alt_pattern_5, dpeg_vaults_monster_box,
          ontoclasm_vaults_decontamination, layout_vaults_maze_bifur,
          enter_trove_3
Vaults:3: nicolae_vaults_little_squares_6, minmay_crypt_entry_simple_plaza,
          nicolae_vaults_tetromino_L_1, nicolae_vaults_little_squares_3,
          nicolae_vaults_shrinking_rooms_2, nicolae_vaults_minivaults,
          v_alt_pattern_2, vaults_room_grid, nicolae_vaults_storage_room_doors,
          nicolae_vaults_tetromino_Z_2, vaults_mumra_hex,
          hangedman_vaults_variations, vaults_dpeg_emergency_exit,
          nicolae_vaults_house_1, hangedman_vaults_nails,
          nicolae_vaults_three_branches, layout_vaults_ring, serial_shops,
          nicolae_shop_stone
Vaults:4: hangedman_vaults_cutoff, st_eye, ontoclasm_vaults_bender,
          nicolae_vaults_steering_wheel,
          nicolae_vaults_taking_the_gang_shopping, grunt_vaults_twisty,
          nicolae_vaults_more_shelving_2, vaults_room_fours,
          nicolae_vaults_tangram_2, nicolae_vaults_little_squares_6,
          vaults_mumra_chevron, ontoclasm_vaults_loading_screen,
          layout_vaults_big_cross
Vaults:5: serial_shops, uniq_frederick, uniq_mennas
Crypt:1:  layout_catacombs, uniq_josephina, uniq_saint_roka
Crypt:2:  cheibrodos_crypt_3hun_7po, layout_catacombs,
          chequers_hall_statues_wall_a, serial_library_hellmonk_hallway_b,
          uniq_boris
Crypt:3:  quadcrypt_mu
Depths:1: layout_gridville, abyss_entry, pf_hell_entry_tar_spiral, serial_shops,
          nicolae_shop_advertising_works [nicolae_subvault_shop_adworks],
          nicolae_ashenzari_panopticon, minmay_shoptagon
Depths:2: minmay_skeleton_keep, layout_cave_pools, pan_entry, hellmouth_3,
          skrybe_limestone_x, infiniplex_staircase_zigzag_1, grunt_megastairs_2
Depths:3: minmay_central_circle, layout_cave_pools, grunt_hell_entry_dis_grunt,
          abyss_entry
Depths:4: grunt_zot_entry_funnels, layout_cave_pools, enter_ziggurat_c,
          nicolae_ru_awakened_eye, hellmouth_1,
          ploomutoo_gammafunk_ghost_potion_laboratory, pan_entry
Zot:1:    layout_cathedral_of_symmetry, hangedman_zot_decor_slant,
          hangedman_swamp_dais, regret_index_zotdec_twisting_globes
Zig:7

Skill      XL: |  1  2  3  4  5  6  7  8  9 10 11 12 13 14 15 16 17 18 19 20 21 22 23 24 25 26 |
---------------+-------------------------------------------------------------------------------+-----
Fighting       | 2 3 5 6 7 9 10 12 13 14 15 17 18 20 | 20.1
Stealth        | 1 2 |  2.0
Shapeshifting  | 4 5 6 7 8 9 10 11 13 14 15 16 18 19 | 19.1
Unarmed Combat | 4 6 7 8 10 11 12 13 14 15 16 17 19 20 | 20.1
Invocations    | 3 5 9 10 11 13 15 17 18 19 20 | 20.2
Evocations     | 3 5 7 8 10 12 | 12.0
Dodging        | 7 12 14 | 14.0
Translocations | 11 15 16 | 16.0
Hexes          | 4 10 13 14 | 14.4
Summonings     | 3 8 11 12 | 12.6
Spellcasting   | 3 7 10 11 | 11.5
Air Magic      | 2 6 8 |  8.0
Necromancy     | 2 |  2.7

Action                     |  1- 3 |  4- 6 |  7- 9 | 10-12 | 13-15 | 16-18 | 19-21 | 22-24 | 25-27 || total
---------------------------+-------+-------+-------+-------+-------+-------+-------+-------+-------++-------
  Melee: Unarmed           |   122 |    57 |   395 |   673 |  1009 |  1096 |  1147 |  1188 |   837 ||  6524
         Tailslap          |    11 |    15 |    77 |   118 |   155 |   171 |   232 |   224 |   186 ||  1189
         Punch             |     1 |     4 |       |    17 |    87 |   101 |   177 |   177 |   141 ||   705
         Whip              |       |    84 |       |       |       |       |       |       |       ||    84
         Bite              |       |       |       |       |    35 |   140 |   171 |   185 |   150 ||   681
   Cast: Manifold Assault  |       |       |       |       |       |       |       |    31 |       ||    31
         Apportation       |       |       |       |       |       |       |       |       |     1 ||     1
 Invoke: Upheaval          |       |       |     2 |       |     7 |       |       |       |     6 ||    15
         Elemental Force   |       |       |       |     1 |     1 |     3 |     1 |     5 |     3 ||    14
         Disaster Area     |       |       |       |       |     2 |     3 |     1 |     1 |     1 ||     8
  Evoke: Wand              |       |       |       |     1 |       |     1 |       |     2 |       ||     4
    Use: Scroll            |       |     5 |     2 |     6 |    14 |     4 |       |     3 |     5 ||    39
         Potion            |       |       |       |       |     2 |       |       |     2 |     3 ||     7
   Stab: Sleeping          |     1 |     5 |       |       |       |       |       |       |       ||     6
         Distracted        |       |     1 |       |       |       |     1 |       |     2 |     3 ||     7
         Paralysed         |       |       |       |       |       |     5 |     1 |     2 |     3 ||    11
 Armour: Skin              |    52 |    50 |   210 |   365 |   584 |  1013 |   766 |   891 |   452 ||  4383
  Dodge: Dodged            |    57 |    61 |   296 |   415 |   511 |   496 |   452 |   612 |   330 ||  3230
         Repelled          |       |       |       |     3 |     8 |    42 |    19 |    30 |    25 ||   127
  Block: Other             |       |       |    26 |   130 |   249 |   364 |   243 |   239 |   189 ||  1440
   Form: Flux              |       |       |     2 |       |       |       |       |       |       ||     2
         Serpent           |       |       |     1 |     2 |       |       |       |       |       ||     3
         Blade             |       |       |       |     3 |       |       |       |       |       ||     3
                           |       |       |       |     1 |     1 |       |       |       |       ||     2
         Dragon            |       |       |       |       |     2 |       |       |       |     1 ||     3
         Statue            |       |       |       |       |       |       |       |       |     1 ||     1
